 Dungeon Crawl Stone Soup version 0.25-a0-869-g05d4e06 (webtiles) character file.

Game seed: 16620768320576788884, levelgen mode: deterministic

791 CabbageHands the Spear-Bearer (level 7, -4/50 HPs)
             Began as a Merfolk Skald on Apr 30, 2020.
             Slain by an orc warrior
             ... wielding a cursed +0 mace
              (11 damage)
             ... on level 4 of the Dungeon on May 1, 2020.
             The game lasted 00:15:58 (4185 turns).

CabbageHands the Spear-Bearer (Merfolk Skald)       Turns: 4185, Time: 00:16:00

Health: -4/50      AC: 18    Str: 12    XL:     7   Next: 88%
Magic:  6/10       EV: 15    Int: 15    God:
Gold:   156        SH:  5    Dex: 14    Spells: 4/10 levels left

rFire    . . .     SeeInvis .   a - +0 spear
rCold    . . .     Gourm    .   (no shield)
rNeg     . . .     Faith    .   t - +3 leather armour {MR+}
rPois    .         Spirit   .   (no helmet)
rElec    .         Reflect  +   c - +0 cloak
rCorr    .         Harm     .   r - +2 pair of gloves
MR       +....                  (no boots)
Stlth    +.........             m - +5 amulet of reflection
HPRegen  0.16/turn              (no ring)
MPRegen  0.12/turn              (no ring)

@: icy armour, singing, invisible
A: change form in water, swift swim, stealthy swim, iridescent scales 1, blurry
vision 1, clever 1
a: no special abilities


You were on level 4 of the Dungeon.
You were very hungry.

You visited 1 branch of the dungeon, and saw 4 of its levels.

You collected 156 gold pieces.

Inventory:

Hand Weapons
 a - a +0 spear (weapon)
Missiles
 k - 5 silver javelins (quivered)
Armour
 c - a +0 cloak (worn)
 r - a +2 pair of gloves (worn)
 t - a +3 leather armour of magic resistance (worn)
Jewellery
 i - a cursed ring of teleportation {unknown}
 m - a +5 amulet of reflection (around neck)
 p - an uncursed ring of ice
Wands
 b - a wand of digging (4)
Scrolls
 h - a scroll of remove curse {unknown}
 o - a scroll of blinking
Potions
 e - a potion of flight
 f - a potion of ambrosia
 g - a potion of stabbing
 n - 2 potions of degeneration
 s - a potion of invisibility
Comestibles
 d - 3 rations


   Skills:
 - Level 2.1 Fighting
 * Level 9.2 Polearms
 - Level 0.6 Armour
 + Level 6.1 Dodging
 - Level 2.0 Spellcasting
 + Level 4.5 Charms
 - Level 3.0 Ice Magic


You had 4 spell levels left.
You knew the following spells:

 Your Spells              Type           Power        Failure   Level  Hunger
a - Infusion              Chrm           ###.         4%          1    #......
b - Song of Slaying       Chrm           ###.....     7%          2    ###....
c - Ozocubu's Armour      Chrm/Ice       ##......     19%         3    ###....

Your spell library contained the following spells:

 Spells                   Type           Power        Failure   Level  Hunger
 Shroud of Golubria       Chrm/Tloc      #.....       17%         2    ###....
 Spectral Weapon          Hex/Chrm       #.......     32%         3    ###....


Dungeon Overview and Level Annotations

Branches:
Dungeon (4/15)
 Temple: D:4-7

Altars:
Elyvilon
Kikubaaqudgha
Makhleb
Qazlal
Ru
Vehumet
Wu Jian

Shops:
D:4 %


Innate Abilities, Weirdness & Mutations

You revert to your normal form in water.
You are very nimble and swift while swimming.
You are very stealthy in the water. (Stealth+)
You are partially covered in iridescent scales. (AC +2)
Scrolls take you a little longer to read.
Your mind is acute. (Int +2)


Message History

You are feeling very hungry.
You hit the orc warrior.
The orc warrior is moderately wounded.
The orc warrior hits you with a cursed +0 mace!
Attack whom?
Press: ? - help, Dir - move target cursor, f/p - orc
Aim: an orc, wearing a +0 chain mail and quivering 4 boomerangs (heavily wounded)
You reach to attack!
You barely miss the orc.
The orc is heavily wounded.
You hit the orc warrior but do no damage.
The orc warrior is moderately wounded.
The orc warrior hits you with a cursed +0 mace!
* * * LOW HITPOINT WARNING * * *
You fade into invisibility!
The orc throws a boomerang.
The boomerang barely misses the orc warrior.
The boomerang hits you but does no damage.
The weapon returns to the orc!
The orc warrior hits you with a cursed +0 mace!
You die...

#. ### #.. ############.## #...
#.....<.......###########....
#.####.##...................#
#.####.##..........##.#.#..#
##.............##..........#
##<..###.##.###@##.#[##.#..##
#.#.).##.##.# #o#....##...##
#.....##.##.# #o#..####..## .
#.##..##.##.###.#..# #..## .S
#....###.#......(..###.####.###
#.##.# #....###.#.(............
#.##.# ##∩..# #.#.o####..o.##.#
#.##.####...# #.#.o####..####.
#.##.#......###.#.....o.......


You could see an orc warrior and an orc.

Vanquished Creatures
  Grinder (D:3)
  A phantom (D:4)
  A water moccasin skeleton (D:4)
  2 howler monkeys
  A hound (D:4)
  2 orc priests (D:4)
  Crazy Yiuf (D:3)
  An iguana (D:4)
  3 orc wizards (D:4)
  A hound skeleton (D:4)
  7 adders
  6 worms
  2 dart slugs
  2 leopard geckos
  9 orcs
  A ball python (D:1)
  2 giant cockroaches
  7 goblins
  5 hobgoblins
  A jackal (D:3)
  10 kobolds
  2 quokkas
  7 bats
  3 frilled lizards
  6 rats
84 creatures vanquished.

Notes
Turn   | Place    | Note
-------+----------+-------------------------------------------
     0 | D:1      | CabbageHands the Merfolk Skald began the quest for the Orb.
     0 | D:1      | Reached XP level 1. HP: 16/16 MP: 3/3
   333 | D:1      | You fall into a shaft and drop 1 floor!
   338 | D:2      | Reached XP level 2. HP: 19/22 MP: 1/5
   501 | D:2      | Reached skill level 4 in Polearms
   523 | D:2      | Learned a level 2 spell: Song of Slaying
   649 | D:1      | Reached XP level 3. HP: 26/27 MP: 6/6
  1261 | D:2      | Found a stormy altar of Qazlal.
  1497 | D:2      | Found a sacrificial altar of Ru.
  1532 | D:2      | Reached XP level 4. HP: 24/33 MP: 0/7
  1758 | D:2      | Reached skill level 5 in Polearms
  1780 | D:2      | Learned a level 3 spell: Ozocubu's Armour
  2316 | D:3      | Reached XP level 5. HP: 27/38 MP: 6/8
  2331 | D:3      | Upgraded the game from 0.25-a0-861-g340c9e8 to
                  | 0.25-a0-869-g05d4e06
  2367 | D:3      | Found a runed translucent door.
  2368 | D:3      | Noticed Crazy Yiuf
  2384 | D:3      | Killed Crazy Yiuf
  2384 | D:3      | Reached skill level 6 in Polearms
  2605 | D:3      | Noticed Grinder
  2618 | D:3      | Gained mutation: You are partially covered in iridescent
                  | scales. (AC +2) [potion of mutation]
  2618 | D:3      | Gained mutation: Scrolls take you a little longer to read.
                  | [potion of mutation]
  2618 | D:3      | Gained mutation: Your mind is acute. (Int +2) [potion of
                  | mutation]
  2624 | D:3      | Killed Grinder
  2624 | D:3      | Reached skill level 7 in Polearms
  2624 | D:3      | Reached skill level 5 in Dodging
  2624 | D:3      | Reached XP level 6. HP: 28/44 MP: 0/9
  3092 | D:4      | Found a radiant altar of Vehumet.
  3093 | D:4      | Noticed a phantom
  3159 | D:4      | Killed a phantom
  3159 | D:4      | Reached skill level 8 in Polearms
  3159 | D:4      | Reached XP level 7. HP: 24/50 MP: 6/10
  3350 | D:4      | Found Camun's Food Shoppe.
  3833 | D:4      | Found a white marble altar of Elyvilon.
  3834 | D:4      | Found a burning altar of Makhleb.
  3943 | D:4      | Reached skill level 9 in Polearms
  4151 | D:4      | Found an ancient bone altar of Kikubaaqudgha.
  4153 | D:4      | Found an ornate altar of the Wu Jian Council.
  4185 | D:4      | Slain by an orc warrior

Levels and vault maps discovered:
D:1:      kilobyte_arrival_exit_the_forest, layout_rooms,
          ebering_dispersal_statue_hall
D:2:      layout_basic, lemuel_round_altar, nicolae_ru_sacrificial_ziggurat
D:3:      layout_basic, first_ration, minmay_misc_feat_nine_boxes,
          minmay_close_crescents, uniq_grinder, uniq_crazy_yiuf_cottage
D:4:      layout_loops_ring, nicolae_overflow_hidden_temple,
          minmay_temple_entry_drinking_statues, serial_shops, shop,
          minmay_manual_mandibuliform

Skill      XL: |  1  2  3  4  5  6  7 |
---------------+----------------------+-----
Dodging        | 3 4 5 6 |  6.1
Polearms       | 4 5 7 8 9 |  9.2
Charms         | 4 |  4.5
Ice Magic      | 2 3 |  3.0
Fighting       | |  2.1
Armour         | |  0.6
Spellcasting   | |  2.0

Action                   |  1- 3 |  4- 6 |  7- 9 || total
-------------------------+-------+-------+-------++-------
Melee: Spear             |   172 |   159 |   148 ||   479
       Tailslap          |     1 |       |       ||     1
Throw: Javelin           |       |     9 |     7 ||    16
 Cast: Infusion          |     7 |     4 |     1 ||    12
       Song of Slaying   |     1 |     1 |     3 ||     5
       Ozocubu's Armour  |       |     2 |     2 ||     4
  Use: Potion            |     1 |     7 |     1 ||     9
       Scroll            |       |     5 |       ||     5
 Stab: Sleeping          |       |     2 |     1 ||     3
  Eat: Chunk             |     2 |     3 |     3 ||     8
       Ration            |       |     1 |       ||     1
Armor: Leather armour    |     4 |    19 |    26 ||    49
       Ring mail         |    34 |    18 |       ||    52
Dodge: Dodged            |    74 |    67 |    26 ||   167
Block: Other             |       |     4 |    15 ||    19

Table legend:
 A = Non-vault XP
 B = Vault XP
 C = Vault XP percentage of total XP
 D = Non-vault monster count
 E = Vault monster count
 F = Vault count percentage of total count
                 A         B        C        D         E       F
            +---------+---------+-------+---------+---------+-------
      Total |     634 |     496 |  43.9 |      77 |       7 |   8.3
            +---------+---------+-------+---------+---------+-------
        D:1 |      31 |       0 |   0.0 |      19 |       0 |   0.0
        D:2 |      62 |       0 |   0.0 |      17 |       0 |   0.0
        D:3 |      51 |     372 |  87.9 |      18 |       6 |  25.0
        D:4 |     490 |     124 |  20.2 |      23 |       1 |   4.2
            +---------+---------+-------+---------+---------+-------
